[Event "European Women-ch 2023"]
[Site "Petrovac"]
[Date "2023.03.23"]
[Round "6.11"]
[White "Huseynova, Lala"]
[Black "Hajiyeva, Laman"]
[Result "0-1"]
[ECO "C07"]
[WhiteElo "1694"]
[BlackElo "2118"]
[Annotator "TA"]
[PlyCount "65"]
[EventDate "2023.03.15"]
[EventType "swiss"]
[EventCountry "MNE"]
[SourceTitle "playchess.com"]
[Source "ChessBase"]
[SourceQuality "1"]
[TimeControl "40/5400+30:1800+30"]

1. e4 e6 2. d4 d5 3. Nd2 c5 4. Ngf3 cxd4 5. Nxd4 Nc6 6. Bb5 Bd7 7. Nxc6 Bxc6 8. Qe2 Nf6 9. O-O Be7 10. e5 {[%emt 0:08:26] The position is equal.} Nd7 11. Bd3 Nc5 12. Kh1 O-O (12... d4 {with more complications.} 13. Bb5 d3 14. Bxd3 Nxd3 15. cxd3 Qd5) 13. f4 (13. Nb3 $11 {is more appropriate.}) 13... f6 (13... Nxd3 $15 14. cxd3 Rc8) 14. Nf3 $11 Nxd3 15. Qxd3 Bc5 16. Be3 Qb6 17. Bxc5 Qxc5 18. Nd4 {[%emt 0:02:02] Prevents Bb5.} Bd7 19. exf6 Rxf6 20. Rae1 Raf8 21. Qe3 e5 22. Nf3 (22. Qxe5 $11 {keeps the balance.} Re8 23. Nb3) 22... Qxe3 $17 (22... Qxc2 23. fxe5 (23. Nxe5 Bf5 $11) 23... Rb6 24. Rf2 $14) 23. Rxe3 {[%emt 0:00:01] [#]} e4 ({Much weaker is} 23... exf4 $6 24. Re7 R6f7 25. Re5 $15) (23... Rxf4 $6 24. Rxe5 d4 25. Kg1 $11) 24. Ne5 $2 {[%emt 0:02:47] This costs White the game.} (24. Nd4 $17) 24... Bb5 $19 (24... Rxf4 25. Rxf4 Rxf4 26. g3 Rf1+ 27. Kg2 $17) 25. c4 Rxf4 (25... Bxc4 26. Nxc4 dxc4 27. Rxe4 $11) 26. Rxf4 Rxf4 {[%emt 0:00:01][%cal Rf4f1][%mdl 4096] Endgame KRB-KRN} 27. Kg1 {[%emt 0:00:32] Inhibits Rf1+.} Rf5 ({Not} 27... Bxc4 28. Nxc4 dxc4 29. g3 $17) ({Worse is} 27... dxc4 28. h3 $17) 28. cxb5 {[%emt 0:00:57] [#] Threatens to win with Ng4.} Rxe5 29. a4 $2 (29. Kf2) 29... d4 30. Re1 e3 {[%emt 0:01:13] ( -> ...d3)} 31. Rc1 d3 32. Rc8+ Kf7 33. Kf1 {[%emt 0:01:22] Weighted Error Value: White=0.83/Black=0.06 (flawless)} 0-1

[Event "European Women-ch 2023"]
[Site "Petrovac"]
[Date "2023.03.23"]
[Round "6.12"]
[White "Buksa, Nataliya"]
[Black "Zimina, Olga"]
[Result "1-0"]
[ECO "C55"]
[WhiteElo "2405"]
[BlackElo "2295"]
[Annotator "TA"]
[PlyCount "107"]
[EventDate "2023.03.15"]
[EventType "swiss"]
[EventCountry "MNE"]
[SourceTitle "playchess.com"]
[Source "ChessBase"]
[SourceQuality "1"]
[TimeControl "40/5400+30:1800+30"]

1. e4 e5 2. Nf3 Nc6 3. Bc4 Nf6 4. d3 h6 5. c3 d6 6. a4 g5 7. Qb3 Qd7 8. a5 {[%emt 0:00:30] White is slightly better.} a6 9. h3 Bg7 10. Be3 Nh5 11. g4 Nf4 12. Bxf4 gxf4 13. Nbd2 {White is more active.} Qe7 14. Rg1 $1 Bd7 (14... Nd8 $14) 15. Qxb7 $18 Rb8 (15... Ra7 $142 16. Qb3 Nd8) 16. Qxc7 (16. Qxa6 O-O $14) 16... Rc8 17. Qb7 Rb8 18. Qc7 Rc8 $1 19. Qb7 Rb8 20. Qxa6 O-O (20... Nd8 $142 21. Nh4 Bc8) 21. Bd5 Nb4 22. cxb4 Bb5 {[%emt 0:02:26] [#] Repels Nc4} 23. Qb6 Rxb6 24. axb6 Bxd3 25. b3 Qd8 26. Nc4 Bxc4 27. bxc4 Qxb6 {[%emt 0:00:58] Black is weak on the light squares} 28. Ra4 Bf6 29. Ke2 Bd8 (29... Kh7 {was called for.} 30. h4 Kg7) 30. Rga1 Qb8 31. R1a2 Kg7 32. Ra1 $2 (32. Kf1 $18) 32... Qb6 $2 (32... Kg8 $1 $11 {and Black stays safe.}) 33. Rb1 (33. Kf1 $18) 33... Rh8 34. Rba1 (34. Kf1 $142) 34... Rf8 $1 35. R1a2 Qb8 $1 {[%emt 0:00:37] [#]} 36. Kd3 ({White should play} 36. Kf1 $1 $18) 36... Qb6 (36... h5 $16 {might work better.}) 37. Kc3 {[%emt 0:00:35] Ra7 would be deadly.} h5 $2 (37... Qb8 38. Ra8 Qc7) 38. Ra7 (38. gxh5 Qc7 39. Ra7 Qc8 $18) 38... hxg4 39. hxg4 {[%emt 0:01:47][%cal Bh3g4,Bg4g5,Bg5g6,Bg6f7][%mdl 32] Hoping for Rb7.} Qb8 40. Rd7 Kg8 $2 (40... Bc7 41. Ng5 (41. Ra8 Qb6 $16) 41... Kg6 42. Nxf7 Qb6) 41. Raa7 (41. Ra8 $142 Qb6 42. Bxf7+ Rxf7 43. Rdxd8+ (43. Raxd8+ Kg7 $11) 43... Kg7 44. Rg8+ Kh6 45. Rh8+ Kg7 46. Nxe5) 41... Qb6 (41... Bb6 42. Ra8 (42. Bxf7+ $2 {is the wrong capture.} Rxf7 43. Rab7 Qxb7 $19) 42... Qxa8 43. Bxa8 Rxa8) 42. Ra2 $2 (42. Rxf7 Rxf7 43. Rxf7 Kh8 $11) ({Only move:} 42. Bxf7+ $18 Rxf7 43. Rxf7 Qxf2 44. Rg7+ Kf8 45. Nd2) 42... Bc7 $2 (42... Qb8 $1 $11 43. Ra6 Bb6) 43. g5 {[%emt 0:01:29] aiming for Kb3.} Rb8 $2 (43... Kg7 44. Re7 Kg6) 44. b5 ({Not} 44. Bxf7+ Kf8 45. b5 Rd8 46. Rxd8+ Bxd8 $11) 44... Rf8 45. g6 Kg7 46. Rxf7+ Rxf7 47. gxf7 ({And not} 47. Bxf7 Qc5 $11) 47... Bd8 48. Kd3 {[%emt 0:00:04] Black must now prevent Ke2.} Be7 49. Ke2 {[%emt 0:00:03] Ra8 would kill now.} Bf8 50. Ra8 {[%emt 0:00:25] White mates.} Be7 51. Rg8+ Kh6 52. Re8 Qa7 {[%emt 0:00:34] [#]} 53. b6 $1 Qa2+ 54. Kf1 {[%emt 0:00:03] An exciting game.   Weighted Error Value: White=0.64/Black=0.69} 1-0

[Event "European Women-ch 2023"]
[Site "Petrovac"]
[Date "2023.03.23"]
[Round "6.12"]
[White "Dwilewicz, Katarzyna"]
[Black "Ovod, Evgenija"]
[Result "0-1"]
[ECO "C47"]
[WhiteElo "2114"]
[BlackElo "2305"]
[Annotator "TA"]
[PlyCount "110"]
[EventDate "2023.03.15"]
[EventType "swiss"]
[EventCountry "MNE"]
[SourceTitle "playchess.com"]
[Source "ChessBase"]
[SourceQuality "1"]
[TimeControl "40/5400+30:1800+30"]

1. e4 e5 2. Nf3 Nc6 3. Nc3 Nf6 4. d4 exd4 5. Nxd4 Bb4 6. Nxc6 bxc6 7. Bd3 d5 8. exd5 cxd5 9. O-O O-O 10. h3 $1 h6 11. Qf3 (11. a3 $5 Bxc3 12. bxc3 $11) 11... Be6 12. Ne2 {[%emt 0:03:57] The position is equal.} c5 13. c3 (13. a3 $5 Ba5 $8 14. b4 $11) 13... Ba5 14. Be3 Nd7 15. Qg3 {[%emt 0:06:20] Repels Ne5} Bc7 16. Bf4 Rc8 17. Rad1 Nf6 18. Qf3 (18. Rfe1 {keeps more tension.} Nh5 19. Qe3 Re8 20. Bxc7 Qxc7 21. Qf3) 18... Qe7 19. Rfe1 Rfd8 20. Ng3 Bxf4 21. Qxf4 Qc7 22. Qf3 Rb8 23. Rd2 Qa5 24. Bf5 Rb6 25. Rde2 d4 26. Bxe6 fxe6 27. Rxe6 Rxe6 28. Rxe6 {[%emt 0:00:01] Nf5 would be deadly.} d3 {[%emt 0:00:06] aiming for ...d2.} 29. Re1 (29. Ne4 $11 Nxe4 30. Qxe4) 29... d2 30. Rd1 Qxa2 31. Nf5 $1 Qxb2 32. Nxh6+ $1 {[%emt 0:01:17][%mdl 64] Deflection} Kf8 33. Ng4 Qb6 $36 {[%emt 0:00:26][%mdl 2048] Black is pushing.} 34. Nxf6 gxf6 $11 {[%emt 0:00:04][%mdl 4096] Endgame KQR-KQR} (34... Qxf6 35. Qxf6+ gxf6 36. Kf1 $16) 35. Qe3 {[%emt 0:00:15] Wards off Qe6} Qd6 36. Qh6+ Kf7 37. Qh7+ Ke6 38. Qe4+ Kd7 {[%emt 0:06:40] Active counter play!} 39. Qb7+ (39. Kf1 $11) 39... Ke8 $1 $17 {[%emt 0:00:24] Strongly threatening ...Qe5.} 40. Qxa7 {[%emt 0:00:00] [#]} Qe5 $1 41. Qa1 (41. Qg7 $2 Qe1+ $19) (41. Qa4+ $15 Kf7 42. Qc2) 41... Kf8 ({Better is} 41... Kf7 {Threatens to win with ...Kg7.} 42. Kf1 Qd5) 42. g3 Rd3 (42... Ke7 $15) 43. h4 $2 (43. Qa8+ $11 {and White stays safe.} Kg7 44. Qb7+ Kf8 45. Qc8+ Kf7 46. Qb7+ Kg6 47. Qa8) 43... Kg7 $2 (43... Qe4 $19 {And now ...Qf3 would win.} 44. Qa7 Qe1+ 45. Kg2 Qxd1 46. Qxc5+ Ke8 47. Qc6+ Rd7 48. Qe6+ {[%mdl 64] Deflection} Kf8 49. Qxd7 Qe2 50. Qd6+ Ke8 51. Qc6+ (51. Qxf6 $2 {loses.} d1=Q $19) (51. Qb8+ Kd7 $11) 51... Ke7 52. Qb7+ Kf8 53. Qc8+ (53. Qb8+ Kg7 $11) 53... Kg7 54. Qb7+ (54. Qd7+ Kg6 $11) 54... Kh6) 44. Kf1 $2 (44. Qa7+ $11 Kg6 45. Qa8) 44... c4 $2 ({Less strong is} 44... Qxc3 45. Qxc3 Rxc3 46. Rxd2 $18) (44... Qh5 $19 {Hoping for ...Qf3.} 45. Qa7+ Kh6) 45. Qa7+ $1 $11 Kg6 {[%emt 0:00:17] ...Qe4 is the strong threat.} 46. Qa8 {[%emt 0:01:05] Prevents Qe4.} Qe6 47. Kg2 Rd5 (47... Rxc3 $2 48. Rxd2 Rd3 49. Ra2 $18) 48. Qa1 (48. Kh2 $11) 48... Qe4+ $1 $15 {[%emt 0:00:17][%mdl 1024] Black has compensation.} 49. Kg1 $2 {[%emt 0:00:28][%mdl 8192] Now White is beyond hope.} (49. Kh3 $15) 49... Rd3 $19 50. Qb1 Qe2 51. Kg2 {[%emt 0:00:17] [#]} Qf3+ $1 52. Kg1 Kh5 {[%emt 0:01:42] Black mates.} 53. Qb5+ Kg4 54. Qxc4+ Kh3 55. Qe6+ f5 {[%emt 0:00:05] Weighted Error Value: White=0.44/Black=0.23 (precise)} 0-1

[Event "European Women-ch 2023"]
[Site "Petrovac"]
[Date "2023.03.23"]
[Round "6.12"]
[White "Shuqja, Klean"]
[Black "Tsirulnik, Maritsa"]
[Result "0-1"]
[ECO "B30"]
[WhiteElo "1884"]
[BlackElo "2121"]
[Annotator "TA"]
[PlyCount "76"]
[EventDate "2023.03.15"]
[EventType "swiss"]
[EventCountry "MNE"]
[SourceTitle "playchess.com"]
[Source "ChessBase"]
[SourceQuality "1"]
[TimeControl "40/5400+30:1800+30"]

1. e4 c5 2. b3 Nf6 3. e5 Nd5 4. Nf3 Nc6 5. Bb2 g6 6. Bc4 {[%emt 0:14:08] B30: Sicilian: 2...Nc6 3 Bb5, lines without ...g6.} Nb6 7. e6 {[%emt 0:14:49][%csl Gc4][%cal Re6f7][%mdl 64] Discovered Attack} f6 8. exd7+ {[%emt 0:00:56] The position is equal.} Bxd7 9. Qe2 e5 $1 10. O-O {[%emt 0:02:56][%cal Rf3e5] [#]} Qe7 $146 ({Black should play} 10... Nxc4 $17 11. bxc4 Qb6) ({Predecessor:} 10... Nxc4 11. Qxc4 Qe7 12. a3 Be6 13. Qe2 Bg7 14. b4 cxb4 15. d4 Bd5 16. dxe5 fxe5 {0-1 Umudova,N (2247)-Dek,L (2266) NED-chT 1617 2016 (6.10)}) 11. Nc3 $15 O-O-O 12. a4 (12. Bb5 $15) 12... Bg4 $1 $17 13. Qe3 Nd4 {[%emt 0:06:11] ...Nxc4 is the strong threat.} 14. Bd3 h5 $2 {[%emt 0:05:47] Black is more active.} (14... Bxf3 $1 $17 {and life is bright.} 15. gxf3 f5) 15. Nh4 $16 (15. Bxg6 $2 Bxf3 16. gxf3 Qg7 $19) 15... Bh6 16. Nxg6 Qg7 17. Qg3 (17. f4 $1 $16) 17... Rhe8 $11 {[%emt 0:09:14] Threatens to win with ...c4.} 18. a5 Nd5 19. Nxd5 Rxd5 20. Bxd4 Rxd4 21. f3 $36 {[%emt 0:01:35][%cal Bf2f3,Bf3f4][%mdl 2080] White is more active.} Bd7 22. f4 e4 23. Bc4 Rxd2 ({Better is} 23... a6 $14) 24. Qe3 $16 Rxg2+ {[%emt 0:11:11][%mdl 64] Decoy} 25. Kxg2 Qxg6+ 26. Kh1 $1 Bc6 27. Rad1 (27. Qxc5 e3+ 28. Bd5 Qf5 $19) 27... Qf5 {[%emt 0:01:18] Dodges Bd5} 28. c3 (28. Bd5 $1 $16) 28... Re7 $2 (28... Rd8 $11 {and Black is okay.}) 29. b4 (29. Bd5 $1 $18 {and the rest is easy.}) 29... a6 (29... b6 $16) 30. bxc5 $2 (30. Bd5 $1 $18) 30... Rg7 $2 (30... Bf8 $11) 31. Rd2 $2 (31. Rd6 $18 {Strongly threatening Be6+.} Kb8 32. Be6 (32. Rd8+ Kc7 $16)) 31... Rg4 {[%emt 0:00:44] [#]} (31... Rd7 $11 {remains equal.} 32. Rd6 Rxd6 33. cxd6 Kd7) 32. Rdf2 $2 {[%emt 0:00:30][%mdl 8192] [#]} (32. Rfd1 $2 Bxf4 33. Rf2 (33. Rd8+ $2 Kc7 $19) 33... Qe5 34. Rxf4 (34. Be6+ $2 Kc7 $19) 34... Rxf4 $19) (32. Rd6 $1 $16 {is forced if you want to stay better.} Bxf4 33. Be6+ {[%mdl 64] Deflection} Qxe6 34. Rxf4) 32... h4 $2 (32... Bf8 $1 $19 {[%cal Rf8c5] has better winning chances.} 33. Rd1 Bxc5) 33. Be2 Rg7 (33... Rg8 {looks sharper.} 34. Rg2 Rxg2 35. Kxg2 Kc7) 34. Rg1 $2 (34. Bc4 $17 {was called for.}) 34... Rxg1+ $19 35. Kxg1 Bf8 36. Qd2 $2 (36. Bf1 Kc7 37. Bh3 Bxc5 38. Bxf5 Bxe3 39. Kg2 Bxf2 40. Kxf2) 36... Bxc5 {[%emt 0:00:25] ( -> ...e3)} 37. Qc2 Bxf2+ 38. Kxf2 e3+ {[%emt 0:00:02][%mdl 64] Discovered Attack.   Weighted Error Value: White=0.92/Black=0.57} 0-1

[Event "European Women-ch 2023"]
[Site "Petrovac"]
[Date "2023.03.23"]
[Round "6.13"]
[White "Unuk, Laura"]
[Black "Milliet, Sophie"]
[Result "1-0"]
[ECO "D00"]
[WhiteElo "2297"]
[BlackElo "2404"]
[Annotator "TA"]
[PlyCount "139"]
[EventDate "2023.03.15"]
[EventType "swiss"]
[EventCountry "MNE"]
[SourceTitle "playchess.com"]
[Source "ChessBase"]
[SourceQuality "1"]
[TimeControl "40/5400+30:1800+30"]

1. d4 d5 2. Bf4 Nf6 3. Nc3 e6 4. Nb5 Na6 5. e3 Be7 6. h4 Ne4 7. Bd3 $1 c6 8. Bxe4 {[%emt 0:00:30] White is slightly better.} cxb5 9. Bd3 Qa5+ 10. c3 b4 11. Ne2 Bd7 12. h5 (12. Be5 $5 ) 12... Ba4 13. Qb1 h6 $1 14. O-O Bb5 {[%emt 0:00:58] [#]} (14... Rc8 $11) 15. a3 $1 $14 bxa3 {[%emt 0:07:21] [#]} 16. b4 $1 Bxd3 17. Qxd3 Qa4 18. Ra2 {[%emt 0:00:00] White is more active.} O-O 19. Rfa1 Rfc8 20. Rxa3 Qd7 21. Ra5 ({Better is} 21. e4 $16) 21... Bd8 $1 $11 22. R5a2 Rc4 23. e4 Rac8 24. Bd2 dxe4 25. Qxe4 Bb6 $1 26. Qf3 Nc7 27. Qxb7 Qd8 28. Qf3 $36 {[%emt 0:00:00][%mdl 2048] White is more active.} Nd5 29. Ra3 Qc7 30. Re1 Qc6 31. Qg3 Bc7 32. Qf3 Bb8 (32... Bb6 $1 $11) 33. Ra5 Qd6 34. g3 Qc6 35. Qd3 Nf6 36. Nc1 Nd5 (36... Bc7 $16) 37. Ne2 $2 ({White should play} 37. Nb3 $18) 37... Ne7 $2 (37... Nf6 $11 {and Black is okay.}) 38. Rc5 $18 Rxc5 39. dxc5 ({But not} 39. bxc5 Rd8 $16) 39... e5 40. Nc1 Qe6 {[%emt 0:00:00] Prevents Nb3} 41. Be3 (41. c4 $18 {has better winning chances.}) 41... e4 42. Qd1 (42. Qd2 $16) 42... Qh3 $2 {[%emt 0:04:24] This costs Black the game.} (42... Nd5 $1 $14) 43. Ne2 Nc6 44. Nf4 Qf5 45. Qd5 {[%emt 0:00:41] Prevents Rd8} Qxd5 46. Nxd5 {[%emt 0:00:05] Strongly threatening b5.} Rd8 47. c4 Kf8 48. Kg2 f5 (48... Ne5 $142 49. Bf4 Nxc4 50. Bxb8 (50. Rxe4 Bxf4 51. Nxf4 Na3 $18) 50... Rxb8 51. Rxe4 Na3) 49. b5 Na5 50. c6 Rc8 51. Rc1 Kf7 52. Rc3 Ke6 53. Nf4+ Kd6 54. Bd4 Rg8 55. c5+ Ke7 56. Nd5+ Ke6 57. Ne3 f4 (57... Bc7 $142 58. Ra3 Rb8) 58. gxf4 Bxf4 59. Ra3 Bxe3 60. fxe3 {[%emt 0:00:05][%mdl 4096] Endgame KRB-KRN} Nc4 61. Rxa7 g6 62. hxg6 {[%emt 0:00:19] b6 is the strong threat.} Rxg6+ 63. Kf2 {[%emt 0:00:09] aiming for Ra8.} Kd5 64. Rd7+ {[%emt 0:01:14] White mates.} Ke6 65. b6 Rg8 66. b7 Na5 67. Rd6+ {[%emt 0:00:05][%mdl 64] Skewer} Ke7 68. Bf6+ Kf7 69. Bc3 Nc4 {[%emt 0:00:39] [#]} 70. c7 $1 {[%emt 0:00:04] Weighted Error Value: White=0.27 (precise) /Black=0.35} 1-0

[Event "European Women-ch 2023"]
[Site "Petrovac"]
[Date "2023.03.23"]
[Round "6.13"]
[White "Lazarne Vajda, Szidonia"]
[Black "Zaksaite, Salomeja"]
[Result "1/2-1/2"]
[ECO "D77"]
[WhiteElo "2294"]
[BlackElo "2187"]
[Annotator "TA"]
[PlyCount "128"]
[EventDate "2023.03.15"]
[EventType "swiss"]
[EventCountry "MNE"]
[SourceTitle "playchess.com"]
[Source "ChessBase"]
[SourceQuality "1"]
[TimeControl "40/5400+30:1800+30"]

1. d4 Nf6 2. Nf3 g6 3. g3 d5 4. Bg2 Bg7 5. O-O O-O 6. c4 dxc4 7. Na3 Nc6 8. Nxc4 Be6 9. b3 Bd5 10. Bb2 a5 11. Ne3 Be4 12. a3 Qc8 13. Nc4 Rd8 {[%emt 0:00:51] White is slightly better.} 14. Rc1 h6 15. e3 Qe6 16. Qe2 g5 17. Rfd1 g4 18. Nh4 h5 19. Nd2 Bxg2 20. Nxg2 Bh6 21. Qb5 Rab8 22. Rc5 Rd5 23. Rdc1 Qd7 $2 (23... Nd8 $16 {might work better.}) 24. Rxd5 $2 (24. Ne4 $1 $18 {[%cal Re4f6] And now Nxf6+ would win.} Nxe4 25. Rxd5) 24... Qxd5 25. Rc5 Qd8 26. Qd3 {[%emt 0:16:19] White is more active.} Qd7 27. Ne4 Nd5 (27... Nxe4 $16 28. Qxe4 e5) 28. Nc3 $18 e6 {[%emt 0:03:55] [#]} 29. Nxd5 exd5 {[%emt 0:00:05] [#]} 30. Nh4 $2 (30. Qb5 $1 $18) 30... b6 $11 31. Rc2 Ne7 {[%emt 0:00:11] Wards off Qf5} 32. a4 Bg5 {[%emt 0:00:22] Strongly threatening ...Bxh4.} 33. Ng2 b5 34. axb5 Qxb5 35. Qxb5 Rxb5 36. Bc3 Rxb3 {[%emt 0:13:18] ...a4 is the strong threat.} 37. Bxa5 c6 38. Ne1 Rb1 (38... h4 $14) 39. Kg2 h4 40. gxh4 Bxh4 41. Nd3 f5 (41... f6 $142) 42. Bb4 (42. Bd8 $16) 42... f4 $14 43. exf4 {[%emt 0:01:35] Black must now prevent Bxe7.} Nf5 44. Rxc6 Rd1 45. Ne5 {[%emt 0:13:46] Bc5 would be deadly.} Rxd4 46. Bc5 Rxf4 47. Rg6+ Kh7 48. Rxg4 Rxg4+ 49. Nxg4 {[%emt 0:00:05][%mdl 4096] Endgame KBN-KBN} Kg6 50. Ne3 Nxe3+ 51. fxe3 {[%emt 0:02:30] KB-KB} Kf5 52. Kf3 Bd8 53. Bd6 Bf6 54. Bg3 Bd8 55. Be1 Be7 56. h4 Bd8 {[%emt 0:00:42] The position is equal.} 57. Bf2 Be7 58. Kg3 Bd8 59. Kh3 Ba5 60. Kg3 Bc7+ 61. Kf3 Bd8 62. Ke2 Ke4 63. Bg3 Bxh4 64. Bxh4 {[%emt 0:00:07] Intending Bf2 and mate.} d4 {[%emt 0:00:01] Blacks defense is rewarded with a draw.   Weighted Error Value: White=0.17 (very precise) /Black=0.14 (very precise)} 1/2-1/2

[Event "European Women-ch 2023"]
[Site "Petrovac"]
[Date "2023.03.23"]
[Round "6.13"]
[White "Bluebaum, Johanna"]
[Black "Petrova, Irina"]
[Result "1/2-1/2"]
[ECO "A41"]
[WhiteElo "1954"]
[BlackElo "2123"]
[Annotator "TA"]
[PlyCount "123"]
[EventDate "2023.03.15"]
[EventType "swiss"]
[EventCountry "MNE"]
[SourceTitle "playchess.com"]
[Source "ChessBase"]
[SourceQuality "1"]
[TimeControl "40/5400+30:1800+30"]

1. d4 g6 2. c4 Bg7 3. e4 d6 4. Nf3 Bg4 5. Be2 Nc6 6. Be3 e5 7. d5 Bxf3 8. Bxf3 Nd4 9. Nd2 {[%emt 0:02:19] A41: 1 d4 d6: Tartakower System and Modern Defence.} c5 {[%emt 0:01:19] [#]} 10. Qa4+ $146 ({Predecessor:} 10. dxc6 bxc6 11. Bxd4 exd4 12. e5 Ne7 13. exd6 Qxd6 14. Ne4 Qc7 15. O-O O-O 16. Nc5 d3 17. Nxd3 Rad8 18. Rb1 Nf5 19. Re1 h5 20. Be2 Be5 21. h3 Bd4 22. Qc1 Bg7 {½-½ Brunello,S (2572)-Peralta,F (2617) Tata Steel-C 75th 2013 (3)}) 10... Qd7 11. Qxd7+ {[%emt 0:01:20] The position is equal.} Kxd7 12. Bd1 {[%emt 0:00:43] Repels Nc2+} f5 13. Bxd4 (13. exf5 $11 gxf5 14. b4) 13... cxd4 $15 14. Bc2 Ne7 15. O-O (15. h4 $1 $11) 15... Bh6 16. Nb1 {[%emt 0:12:21][%cal Bd2b1,Bb1a3,Ba3c4][%mdl 32] White is weak on the dark squares} Rac8 17. Na3 a6 18. f3 {[%emt 0:07:53] [#]} b5 19. cxb5 $14 axb5 20. Bd3 b4 21. Nc4 Rb8 {[%emt 0:03:29] Inhibits Nb6+.} 22. a4 Rhf8 23. b3 Nc8 24. g4 fxg4 25. fxg4 Bf4 26. a5 {[%emt 0:05:13] Prevents Nb6} Kc7 27. Ra4 h5 (27... Na7 $142) 28. gxh5 $16 gxh5 29. Rf2 Rg8+ 30. Rg2 Na7 31. Raa2 h4 {[%emt 0:13:54] [#]} 32. Rxg8 $1 Rxg8+ 33. Rg2 Bg5 34. h3 Rg7 35. Kh1 Nc8 36. Nd2 {[%emt 0:02:18] White has more active pieces.} (36. Rg4 {with more complications.} Ne7 37. a6 Nc8 38. Nd2) 36... Bf6 37. Rxg7+ (37. a6 {keeps more tension.} Nb6 38. Bb5 Rf7 39. Rg8) 37... Bxg7 {[%emt 0:00:04][%mdl 4096] Endgame KBN-KBN} 38. Nf3 Bf6 39. Ne1 Bg5 40. Nf3 Bf6 41. Ne1 Bg5 $1 42. Bb5 (42. Kg2 $16) 42... Ne7 $1 $11 43. Kg2 {[%emt 0:04:18] Strongly threatening Nd3.} Ng6 (43... Ng8 $1 $11 {remains equal.}) 44. Nd3 $16 Nf4+ 45. Nxf4 Bxf4 {[%emt 0:00:06] KB-KB} 46. Bd3 {[%emt 0:00:46] Threatens to win with Kf3.} Bg5 47. a6 Bd8 48. Kf3 Kb6 49. Kg4 Ka7 50. Kf5 Bb6 51. Kf6 Kb8 52. Ke7 Bc5 53. Kf6 {[%emt 0:01:46] Hoping for Kg5.} Bb6 $1 54. Kf5 (54. Ke6 $5 Bc5 55. Kf5 $16) 54... Ka7 55. Ke6 Bc5 56. Kd7 Kb6 57. Kc8 {[%emt 0:02:08] Kb8 would kill now.} Ka7 58. Kc7 Ka8 59. Kd7 Kb8 60. Ke6 ({Better is} 60. Bf1) 60... Ka7 61. Kf5 {[%emt 0:00:31] Threatening mate with Kg4.} Bb6 62. Kg4 {[%emt 0:00:15] Black defended with fortune.   Weighted Error Value: White=0.19 (very precise) /Black=0.10 (very precise)} (62. Kg6 $16) 1/2-1/2

[Event "European Women-ch 2023"]
[Site "Petrovac"]
[Date "2023.03.23"]
[Round "6.14"]
[White "Maltsevskaya, Aleksandra"]
[Black "Zhukova, Natalia"]
[Result "1-0"]
[ECO "C78"]
[WhiteElo "2388"]
[BlackElo "2322"]
[Annotator "TA"]
[PlyCount "79"]
[EventDate "2023.03.15"]
[EventType "swiss"]
[EventCountry "MNE"]
[SourceTitle "playchess.com"]
[Source "ChessBase"]
[SourceQuality "1"]
[TimeControl "40/5400+30:1800+30"]

1. e4 e5 2. Nf3 Nc6 3. Bb5 a6 4. Ba4 Nf6 5. O-O b5 6. Bb3 Bb7 7. Ng5 d5 8. exd5 Nd4 9. Re1 Bd6 (9... Bxd5 10. Rxe5+ Be7 11. Nc3 Bxb3 12. axb3 $16) 10. d3 h6 (10... Bxd5 11. Bxd5 Nxd5 12. c3 $16 (12. Qh5 Qd7 $15)) 11. Ne4 Nxb3 {[%emt 0:03:10] The position is equal.} (11... Bxd5 $2 12. Nxf6+ Qxf6 13. Bxd5 $18) 12. axb3 Bxd5 13. Nxf6+ (13. Nbc3 $5 Bb7 14. Qf3 Nxe4 15. Nxe4 $11) 13... Qxf6 14. d4 (14. Nc3 $11 {remains equal.} Bb7 15. Ne4) 14... O-O-O (14... Qg6 $17 15. g3 Bb7) 15. c4 $11 (15. Rxa6 $2 exd4 16. h3 Bb7 $19) (15. Nc3 Bb7 $15) 15... bxc4 $40 {[%emt 0:02:48][%mdl 128] Black is up to no good.} 16. Nc3 Bb7 {[%emt 0:00:59] A strong pair of Bishops.} 17. d5 cxb3 18. Qxb3 Bc5 19. Be3 Bd4 20. Rac1 (20. Rad1 {simplifies} Qb6 21. Qxb6 Bxb6 22. Bxb6 cxb6 23. Rxe5 Rhe8 24. Rf5) 20... Kb8 (20... Qd6 $5) 21. Bxd4 $2 (21. Qc4 $1 $11 {and White has nothing to worry.}) 21... exd4 $19 22. Na4 {[%emt 0:00:05] Rc6 would be deadly.} Rxd5 {[%emt 0:03:40] ...d3 is the strong threat.} (22... Ka8 $2 23. Rxc7 Rb8 24. Ree7 $18) 23. Nc5 {[%emt 0:00:27][%csl Gc5][%cal Rb3b7] [#]} Qc6 (23... Qb6 24. Qxd5 Bxd5 25. Nd7+ Ka7 26. Nxb6 Kxb6 27. Red1 $14) 24. Nxb7 Qxb7 25. Qd3 Rhd8 (25... Qxb2 $2 26. Rb1 $18 (26. Qxa6 Rd6 $16) (26. Qxa6 Rd6 $16)) (25... Rg5 26. g3 $17) 26. h4 R8d7 (26... Qxb2 $2 27. Rb1 $18 (27. Qxa6 R5d6 $11) (27. Qxa6 R5d6 $11)) 27. Ra1 Rb5 (27... Qxb2 28. Qxa6 Qb7 29. Rab1 c6 30. Re8+ Kc7 31. Qxb7+ Kd6 32. Qb4+ Rc5 33. Rc1) 28. Re4 (28. Ra4 $17) 28... c5 (28... Rxb2 29. Rxa6 Rd8 30. Ra3 $15) 29. Re5 Ka7 (29... Rxb2 30. Rxa6 Rb3 31. Qf5 $16) 30. Rc1 (30. Re2 $142) 30... c4 {[%emt 0:00:28][%mdl 64] [#] Discovered Attack} (30... Rxb2 $2 {too greedy.} 31. Rexc5 Rb3 32. Qd2 $19) 31. Qg3 Rxe5 (31... Rxb2 $2 32. Rxc4 Qb8 33. Rc1 $19) 32. Qxe5 {[%emt 0:00:06][%mdl 4096] Endgame KQR-KQR} Qb5 (32... Qxb2 $2 {is the wrong capture.} 33. Qc5+ Qb6 34. Qxc4 $19) 33. Qxg7 d3 (33... Qxb2 $2 {loses.} 34. Rxc4 Qb1+ 35. Kh2 $19) 34. Rd1 d2 $2 (34... Qh5 $19 35. Rd2 Qxh4) 35. Qxh6 $11 Qxb2 36. Qe3+ Kb7 {[%emt 0:00:32] And now ...Qd4 would win.} 37. Qe4+ Kb6 38. Qxc4 a5 39. Qc8 a4 $2 40. Qxd7 {[%emt 0:00:00] Quite a comeback for White.   Weighted Error Value: White=0.31/Black=0.38} 1-0